AoeStats
← Linoseros

Arabia

509902454Analyzed
1v1 RM · 5d ago on Sep 28, 2026· 47m 11s· 2 players
Game mode
Random Map
Map size
Tiny (2 player)
Population
200
Speed
Normal
Resources
Standard
Victory
Conquest
Starting age
Dark Age
Ending age
Imperial Age
RankedLock teamsTeams togetherTeam positionsShared explorationLock speedFull tech treeHidden civsTurbo modeCheats
Victory
Defeat
🇨🇦 Lithuanians · Canada
1054
+15
🇹🇼 Koreans · Taiwan
1028
-15
❁屁演❁
7:09 Loom
11:30 Feudal Age
13:32 Double-Bit Axe
14:38 Horse Collar
18:56 Castle Age
17:37 Fletching
19:52 Stone Mining
23:08 Bow Saw
23:43 Fervor
29:11 Stone Shaft Mining
30:35 Bodkin Arrow
31:38 Wheelbarrow
31:34 Ballistics
32:44 Gold Mining
33:59 Hand Cart
35:43 Murder Holes
35:49 Town Watch
39:08 Imperial Age
36:45 Crossbowman
37:33 Thumb Ring
39:28 Husbandry
41:23 Chemistry
40:28 Bracer
40:54 Heavy Plow
44:15 Block Printing
45:26 Two-Man Saw
46:05 Gold Shaft Mining
46:24 Sanctity
Linoseros
10:25 Feudal Age
11:03 Double-Bit Axe
11:05 Loom
12:27 Forging
12:18 Scale Mail Armor
12:25 Scale Barding Armor
14:08 Bloodlines
21:42 Castle Age
20:04 Fletching
21:50 Elite Skirmisher
22:37 Husbandry
23:31 Scale Mail Armor
24:38 Iron Casting
24:29 Fervor
28:31 Wheelbarrow
27:59 Padded Archer Armor
29:43 Chain Barding Armor
29:41 Light Cavalry
34:50 Imperial Age
32:24 Horse Collar
33:37 Ballistics
33:35 Bodkin Arrow
33:12 Pikeman
33:52 Arson
34:11 Squires
36:08 Plate Barding Armor
35:58 Conscription
37:46 Tower Shields
38:46 Chain Mail Armor
38:46 Bracer
38:42 Capped Ram
40:06 Leather Archer Armor
39:40 Cavalier
42:35 Ring Archer Armor
43:11 Chemistry
42:41 Gold Mining
43:23 Elite Leitis
Connection lost

Rejoining the realm…

Still unreachable

The connection could not be restored.

Session expired

The server has moved on; the page needs a fresh start.